 Dungeon Crawl Stone Soup version 0.31.0-11-ge490571c62 (webtiles) character file.

Game seed: 4525529178630918097

192 ezpacito the Chopper (level 5, 41/41 HPs)
             Began as a Demonspawn Berserker on Jan 29, 2024.
             Was a Believer of Trog.
             Quit the game on level 4 of the Dungeon.
             The game lasted 00:04:18 (2573 turns).

ezpacito the Chopper (Demonspawn Berserker)         Turns: 2573, Time: 00:04:19

Health: 41/41      AC: 11    Str: 17    XL:     5   Next: 42%
Magic:  5/5        EV: 16    Int:  7    God:    Trog [**....]
Gold:   181        SH:  0    Dex: 15    Spells: 4/4 levels left

rFire   + . .        c - +2 whip (venom)
rCold   x . .        (no shield)
rNeg    . . .        n - +1 ring mail {rPois}
rPois   +            m - +0 helmet
rElec   .            (no cloak)
rCorr   .            s - +1 pair of gloves
SInv    .            (no boots)
Will    .....        (no amulet)
Stlth   +            h - +5 ring of evasion
HPRegen 0.26/turn    g - ring of fire
MPRegen 0.09/turn

%: no passive effects
@: no status effects
A: claws 1, molten scales 1, demonic guardian 1, demonic magic 1
a: Renounce Religion, Berserk, Trog's Hand


You were on level 4 of the Dungeon.
You worshipped Trog.
Trog was pleased with you.
You visited 1 branch of the dungeon, and saw 4 of its levels.

You collected 181 gold pieces.

Inventory:

Hand Weapons
 a - a +0 hand axe
 c - a +2 whip of venom (weapon)
 k - a +0 sling
Missiles
 f - 15 stones (quivered)
 q - 2 silver javelins
 u - 11 poisoned darts
Armour
 m - a +0 helmet (worn)
 n - a +1 ring mail of poison resistance (worn)
 r - the +0 robe of Subjectivity {Fly MP+9 Stlth-}
   (You found it on level 3 of the Dungeon)

   MP+9:      It affects your magic capacity (+9).
   Fly:       It grants you flight.
   Stlth-:    It makes you less stealthy.
 s - a +1 pair of gloves (worn)
Jewellery
 g - a ring of fire (right hand)
 h - a +5 ring of evasion (left hand)
Scrolls
 b - 2 scrolls of fog
 e - 2 scrolls of identify
 j - 2 scrolls of acquirement
 l - a scroll of poison {unknown}
 t - a scroll of teleportation {unknown}
Potions
 d - 2 potions of curing
 i - a potion of degeneration {unknown}
 o - a potion of lignification {unknown}
 p - a potion of enlightenment {unknown}


   Skills:
 * Level 3.6 Fighting
 * Level 4.0 Axes
 * Level 2.7 Armour
 * Level 2.2 Dodging
 * Level 1.6 Stealth
 * Level 1.1 Unarmed Combat


You had 4 spell levels left.
You didn't know any spells.
Your spell library was empty.

Dungeon Overview and Level Annotations

Branches:
Dungeon (4/15)
 Temple: D:4-7

Altars:
Vehumet

Shops:
D:2 :


Innate Abilities, Weirdness & Mutations

You have sharp fingernails.
You are partially covered in molten scales. (AC +2)
A weak demonic guardian rushes to your aid.
Spells you cast may paralyse adjacent enemies.


Message History

The rat twitches its whiskers.
The rat closely misses you.
You hit the rat.
The rat looks as sick as possible!
The rat is severely wounded.
You kill the rat!
Trog accepts your kill.
No target in view!
No target in view!
No target in view!
You see here a rat corpse.
You open the door.
There is an open door here.
There is an open door here.
There is an open door here.
There is a large open door here.
There is a large open door here.
You see here a +0 hand axe.
There is an open door here.
Found an escape hatch in the floor.
There is an escape hatch in the floor here.
Found a stone staircase leading up.
Done exploring.
Done exploring.
What level of the Dungeon? (default 3, ? - help)
You see here a +0 short sword.
There is a stone staircase leading down here.
You climb downwards.
You hear the sound of rushing water.
There is an entrance to a sewer on this level.
Hurry and find it before the portal rusts away!
There is a stone staircase leading up here.
As you read the scroll labelled IRUIKI JOEKK, it dissolves into smoke.
It was a scroll of fog.
As you read the scroll labelled AQIGEVV ULEAL, it crumbles to dust.
It is a scroll of identify.
d - 2 potions of curing This is a scroll of acquirement!
Okay, then.
Unknown command.
Okay, then.
Are you sure you want to abandon this character and quit the game? (Confirm with "yes".) # ###§# #@§§# #####

There were no monsters in sight!

Vanquished Creatures
  A scorpion (D:2)
  Jessica (D:2)
  Robin (D:2)
  2 adders
  A dart slug (D:3)
  3 ribbon worms
  An orc (D:3)
  4 ball pythons
  4 endoplasms
  3 giant cockroaches
  9 goblins
  8 hobgoblins
  2 jackals (D:1)
  7 kobolds
  3 quokkas
  5 bats
  4 frilled lizards
  5 rats
64 creatures vanquished.

Vanquished Creatures (collateral kills)
  A goblin (D:2)
1 creature vanquished.

Grand Total: 65 creatures vanquished

Notes
Turn   | Place    | Note
-------+----------+-------------------------------------------
     0 | D:1      | ezpacito the Demonspawn Berserker began the quest for the
                  | Orb.
     0 | D:1      | Reached XP level 1. HP: 18/18 MP: 1/1
   190 | D:1      | Gained mutation: You are partially covered in molten
                  | scales. (AC +2) [demonic ancestry]
   190 | D:1      | Reached XP level 2. HP: 11/24 MP: 2/2
   675 | D:1      | Reached skill level 3 in Axes
   898 | D:2      | Reached ** piety under Trog
   899 | D:2      | Gained mutation: A weak demonic guardian rushes to your
                  | aid. [demonic ancestry]
   899 | D:2      | Reached XP level 3. HP: 29/29 MP: 3/3
   953 | D:2      | Found Mituxk Ferak's Vocational Training.
  1069 | D:2      | Reached skill level 1 in Stealth
  1077 | D:2      | Found a radiant altar of Vehumet.
  1123 | D:2      | Noticed Jessica
  1124 | D:2      | Noticed a scorpion
  1130 | D:2      | Killed a scorpion
  1131 | D:2      | Gained mutation: Spells you cast may paralyse adjacent
                  | enemies. [demonic ancestry]
  1131 | D:2      | Reached XP level 4. HP: 35/35 MP: 4/4
  1131 | D:2      | Killed Jessica
  1132 | D:2      | Gained mutation: You have sharp fingernails. [demonic
                  | ancestry]
  1132 | D:2      | Reached XP level 5. HP: 41/41 MP: 5/5
  1381 | D:2      | Noticed Robin
  1403 | D:2      | Killed Robin
  1404 | D:2      | Reached skill level 1 in Unarmed Combat
  1983 | D:3      | Identified the +0 robe of Subjectivity {Fly MP+9 Stlth-}
  2090 | D:3      | Reached skill level 4 in Axes
  2573 | D:4      | Identified 2 scrolls of acquirement
  2573 | D:4      | Quit the game

Illustrated notes

Levels and vault maps discovered:
D:1:      dpeg_arrival_brainrot, layout_loops_ring
D:2:      layout_basic, basic_altar, nicolae_shop_vocational, uniq_robin,
          uniq_jessica
D:3:      layout_basic
D:4:      layout_basic, minmay_temple_entry_enclosed_plants,
          cheibrodos_sewer_entry_sluice, serial_shops,
          nicolae_shop_temple_entry_statues_fountains, shop,
          nicolae_shop_crystal

Skill      XL: |  1  2  3  4  5 |
---------------+----------------+-----
Armour         | 2 |  2.7
Axes           | 3 4 |  4.0
Stealth        | 1 |  1.6
Dodging        | 2 |  2.2
Unarmed Combat | 1 |  1.1
Fighting       | |  3.6

Action                     |  1- 3 |  4- 6 || total
---------------------------+-------+-------++-------
  Melee: Hand axe          |   122 |    54 ||   176
         Whip              |       |    32 ||    32
         Punch             |       |     2 ||     2
 Invoke: Berserk           |     1 |       ||     1
    Use: Scroll            |       |     2 ||     2
   Stab: Sleeping          |       |     1 ||     1
 Armour: Scale mail        |    61 |    22 ||    83
         Ring mail         |       |    16 ||    16
  Dodge: Dodged            |    89 |    69 ||   158
